 Dungeon Crawl Stone Soup version 0.27-a0-1579-g97d2440184 (webtiles) character file.

Game seed: 4909236733402481401

1434 flotson the Skirmisher (level 8, -6/63 HPs)
             Began as a Demonspawn Delver on July 17, 2021.
             Mangled by a manticore (8 damage)
             ... on level 6 of the Dungeon.
             The game lasted 00:14:59 (5969 turns).

flotson the Skirmisher (Demonspawn Delver)          Turns: 5969, Time: 00:15:00

Health: -6/63      AC:  9    Str: 15    XL:     8   Next: 45%
Magic:  8/8        EV: 10    Int: 11    God:
Gold:   248        SH: 13    Dex: 15    Spells: 7/7 levels left

rFire    + . .     SeeInvis .   c - +1 dagger (venom)
rCold    . . .     Faith    .   o - +0 kite shield
rNeg     . . .     Spirit   .   d - +0 ring mail
rPois    +         Reflect  .   l - +0 helmet
rElec    .         Harm     .   e - +0 cloak
rCorr    .         Rampage  .   (no gloves)
Will     .....                  (no boots)
Stlth    ++........             A - amulet of regeneration
HPRegen  1.20/turn              q - ring of protection from fire
MPRegen  0.11/turn              C - ring of poison resistance

@: spiked, very slightly contaminated, hasted, invisible, very quick
A: rugged brown scales 1, condensation shield
a: no special abilities


You were on level 6 of the Dungeon.
You visited 1 branch of the dungeon, and saw 6 of its levels.

You collected 248 gold pieces.

Inventory:

Hand Weapons
 a - a +2 short sword of flaming
 b - a +0 hunting sling
 c - a +1 dagger of venom (weapon)
 H - a +0 war axe
Missiles
 v - 21 poisoned darts (quivered)
 F - 4 boomerangs
 G - 14 sling bullets
Armour
 d - a +0 ring mail (worn)
 e - a +0 cloak (worn)
 l - a +0 helmet (worn)
 o - a +0 kite shield (worn)
Jewellery
 q - a ring of protection from fire (left hand)
 A - an amulet of regeneration (around neck)
 C - a ring of poison resistance (right hand)
 I - a ring of magical power
Wands
 g - a wand of digging (3)
 h - a wand of flame (10)
Scrolls
 f - 2 scrolls of magic mapping
 i - 4 scrolls of silence {unknown}
 n - 2 scrolls of immolation
 r - a scroll of torment {unknown}
 s - 2 scrolls of fear
 t - 3 scrolls of teleportation
 u - 2 scrolls of summoning {unknown}
 x - 2 scrolls of identify {unknown}
 y - 3 scrolls of noise {unknown}
 E - a scroll of vulnerability {unknown}
Potions
 j - a potion of berserk rage {unknown}
 k - 2 potions of invisibility
 m - 2 potions of curing
 p - a potion of ambrosia {unknown}
 w - 2 potions of cancellation {unknown}
 z - 2 potions of haste
 B - 2 potions of degeneration {unknown}
 D - a potion of heal wounds {unknown}
 J - 2 potions of magic {unknown}


   Skills:
 + Level 5.1 Fighting
 + Level 4.3 Axes
 + Level 3.0 Throwing
 + Level 3.5 Armour
 + Level 4.1 Dodging
 - Level 4.5 Stealth
 + Level 2.9 Shields
 + Level 3.2 Evocations


You had 7 spell levels left.
You didn't know any spells.
Your spell library contained the following spells:

 Spells                   Type           Power      Damage    Failure   Level
 Magic Dart               Conj           0%         1d3       97%         1
 Sting                    Tmut/Pois      0%         1d3       97%         1
 Call Imp                 Summ           0%         N/A       99%         2
 Passwall                 Tmut/Erth      0%         N/A       99%         2
 Poisonous Vapours        Pois/Air       0%         N/A       99%         2
 Mephitic Cloud           Conj/Pois/Air  0%         N/A       100%        3
 Swiftness                Air            0%         N/A       100%        3
 Olgreb's Toxic Radiance  Pois           0%         N/A       100%        4
 Invisibility             Hex            0%         N/A       100%        6


Dungeon Overview and Level Annotations

Branches:
Dungeon (6/15)
 Temple: D:4-7

Altars:
Yredelemnul

Shops:
D:4 (**(

Annotations:
D:3 1 runed translucent door, dolemite99's ghost, amateur MiFi


Innate Abilities, Weirdness & Mutations

You are partially covered in rugged brown scales. (AC +1, +3% HP)
A meltable shield of frost defends you. (SH +4)


Message History

The manticore claws you.
* * * LOW HITPOINT WARNING * * *
Unknown command.
You feel better.
Unknown command.
The manticore flicks its tail.
The volley of spikes hits you!
The barbed spikes become lodged in your body.
* * * LOW HITPOINT WARNING * * *
You feel better.
You fade into invisibility!
You are very lightly contaminated with residual magic.
You hit the manticore.
The manticore is moderately wounded.
Aiming: Throw Flame
Press: ? - help, Shift-Dir - straight line, f/p - manticore
Aim: a manticore (moderately wounded, wandering, very poisoned, hasn't noticed you, 83% to hit)
The puff of flame misses the manticore.
You hit the manticore but do no damage.
The manticore looks as sick as possible!
The manticore is moderately wounded.
You barely miss the manticore.
The manticore is moderately wounded.
The manticore barely misses you. You block the manticore's attack.
The manticore claws you but does no damage.
You hit the manticore but do no damage.
The manticore is heavily wounded.
The manticore bites you!!
* * * LOW HITPOINT WARNING * * *
The manticore closely misses you. The manticore claws you.
* * * LOW HITPOINT WARNING * * *
The barbs in your skin will harm you if you move.
Continue?
Okay, then.
Unknown command.
You feel better. The manticore bites you!
* * * LOW HITPOINT WARNING * * *
The manticore claws you.
* * * LOW HITPOINT WARNING * * *
The manticore claws you!
You die...

..###.# #.......
#.......
#.....##.
#........
..######........
#.............#
#.@H.....## ..
##........( .
#..###(... .
#.## ## #. ##.#
#.# #..# ##..
#.###.##.....
##..#........#
..
#......####..#


You could see a manticore (extremely poisoned).

Vanquished Creatures
  Menkaure (D:6)
  An ogre (D:4)
  2 sky beasts (D:5)
  A necrophage (D:6)
  3 phantoms
  A kobold brigand (D:6)
  A water moccasin zombie (D:6)
  A jelly (D:5)
  3 hounds
  A bullfrog skeleton (D:6)
  A gnoll shaman (D:6)
  Jessica (D:2)
  A centaur skeleton (D:6)
  Terence (D:3)
  2 iguanas
  3 orc wizards
  A hound zombie (D:5)
  A hound skeleton (D:4)
  4 gnolls
  4 adders
  3 worms
  22 orcs
  2 endoplasms (D:1)
  A giant cockroach (D:1)
  8 goblins
  7 hobgoblins
  4 jackals (D:2)
  4 quokkas
  11 ball pythons
  9 bats
  3 frilled lizards
  13 kobolds
  A quokka skeleton (D:4)
  5 rats
127 creatures vanquished.

Notes
Turn   | Place    | Note
-------+----------+-------------------------------------------
     0 | D:5      | flotson the Demonspawn Delver began the quest for the Orb.
     0 | D:5      | Reached XP level 1. HP: 18/18 MP: 1/1
   103 | D:5      | Noticed a sky beast
   103 | D:5      | Noticed an iguana
   414 | D:4      | Noticed a phantom
   622 | D:4      | Noticed a hound
   628 | D:4      | Killed a hound
   629 | D:4      | Reached skill level 1 in Armour
   629 | D:4      | Gained mutation: You are partially covered in rugged brown
                  | scales. (AC +1, +3% HP) [demonic ancestry]
   629 | D:4      | Reached XP level 2. HP: 12/24 MP: 2/2
   629 | D:4      | Reached XP level 3. HP: 15/29 MP: 3/3
   787 | D:4      | Noticed an ogre
   794 | D:4      | Killed an ogre
   795 | D:4      | Reached XP level 4. HP: 38/38 MP: 4/4
   917 | D:4      | Found Nyesaysy's Assorted Antiques.
  1069 | D:3      | Reached XP level 5. HP: 43/43 MP: 5/5
  1150 | D:2      | Found a basalt altar of Yredelemnul.
  1255 | D:2      | Noticed Jessica
  1260 | D:2      | Killed Jessica
  2491 | D:2      | Found a faded altar of an unknown god.
  2770 | D:3      | Reached skill level 4 in Fighting
  2812 | D:3      | Reached skill level 1 in Throwing
  2812 | D:3      | Reached skill level 1 in Evocations
  2812 | D:3      | Reached XP level 6. HP: 49/49 MP: 6/6
  2882 | D:3      | Noticed Terence
  2901 | D:3      | Killed Terence
  2964 | D:3      | Found a runed translucent door.
  2965 | D:3      | Noticed dolemite99's ghost (amateur MiFi)
  3505 | D:4      | Found Hevid's Weapon Boutique.
  3696 | D:4      | Found Qena Zoph's Assorted Antiques.
  3760 | D:4      | Reached skill level 1 in Shields
  3842 | D:4      | Found Worurph's Weapon Boutique.
  4252 | D:5      | Reached XP level 7. HP: 56/56 MP: 7/7
  5087 | D:6      | Noticed a komodo dragon
  5163 | D:6      | Gained mutation: A meltable shield of frost defends you.
                  | (SH +4) [demonic ancestry]
  5163 | D:6      | Reached XP level 8. HP: 55/62 MP: 8/8
  5263 | D:6      | Noticed Menkaure
  5757 | D:6      | Killed Menkaure
  5758 | D:6      | Reached skill level 5 in Fighting
  5943 | D:6      | Noticed a manticore
  5969 | D:6      | HP: 2/63 [manticore (2)]
  5969 | D:6      | Mangled by a manticore

Illustrated notes

Levels and vault maps discovered:
D:1:      lemuel_arrival_cross, layout_basic
D:2:      minmay_spotlight, layout_rooms, basic_altar,
          dilly_ecumenical_altar_fadedgnrine, uniq_jessica
D:3:      layout_basic, ebering_ghost_inner_flame, uniq_terence
D:4:      layout_loops_ring, serial_shops, shop, shop, shop, nicolae_shop_trees
D:5:      layout_basic, cheibrodos_sewer_entry_sluice
D:6:      layout_layer_cave, serial_shops, nicolae_shop_trees, uniq_menkaure

Skill      XL: |  1  2  3  4  5  6  7  8 |
---------------+-------------------------+-----
Axes           | 2 3 4 |  4.3
Armour         | 1 2 3 |  3.5
Dodging        | 2 3 4 |  4.1
Fighting       | 4 5 |  5.1
Throwing       | 1 2 3 |  3.0
Evocations     | 1 2 3 |  3.2
Shields        | 1 2 |  2.9
Stealth        | |  4.5

Action                   |  1- 3 |  4- 6 |  7- 9 || total
-------------------------+-------+-------+-------++-------
Melee: Hand axe          |    15 |    20 |       ||    35
       Short sword       |       |    65 |   224 ||   289
       Dagger            |       |   157 |    13 ||   170
 Fire: Hunting sling     |       |    22 |       ||    22
Throw: Boomerang         |       |    18 |       ||    18
       Dart              |       |       |     9 ||     9
Evoke: Wand              |    12 |       |     1 ||    13
  Use: Scroll            |     5 |       |       ||     5
       Potion            |     1 |       |     6 ||     7
 Stab: Sleeping          |       |    13 |       ||    13
Armor: Leather armour    |     3 |     6 |       ||     9
       Ring mail         |       |   100 |    72 ||   172
Dodge: Dodged            |     8 |    98 |    82 ||   188
Block: Kite shield       |       |    75 |   160 ||   235

Table legend: (Time is in decaauts)
 A = Elapsed time spent in this place.
 B = Non-inter-level travel time spent in this place.
 C = Inter-level travel time spent in this place.
 D = Time resting spent in this place.
 E = Time spent auto-exploring this place.
 F = Levels seen in this place.
 G = Mean time per level.
                   A        B        C        D        E       F      G
               +--------+--------+--------+--------+--------+-----+--------+
         Total |   6120 |   5643 |    477 |    267 |   3837 |   6 | 1020.0 |
       Dungeon |   6120 |   5643 |    477 |    267 |   3837 |   6 | 1020.0 |
               +--------+--------+--------+--------+--------+-----+--------+

Top non-repeatable levels by time:
     D:4: 1408 daAuts
     D:5: 1400 daAuts
     D:3: 1007 daAuts
     D:1: 877 daAuts
     D:2: 788 daAuts
     D:6: 638 daAuts
